 Dungeon Crawl Stone Soup version 0.29.0-4-gdea44cf6ec (webtiles) character file.

Game seed: 13571734290099389429

95 qw the Chopper (level 4, -1/24 (26) HPs)
             Began as a Tengu Warper on Aug 28, 2022.
             Slain by a hell rat (14 damage)
             ... in a sewer.
             The game lasted 00:00:15 (2746 turns).

qw the Chopper (Tengu Warper)                       Turns: 2746, Time: 00:00:15

HP:   -1/24 (26)    AC: 10    Str: 13    XL:     4   Next: 65%
MP:   8/8           EV:  6    Int: 13    God:
Gold: 61            SH:  0    Dex: 14    Spells: 7/7 levels left

rFire   . . .      SeeInvis .   Y - +0 hand axe
rCold   . . .      Faith    .   (no shield)
rNeg    . . .      Spirit   .   g - +0 chain mail
rPois   .          Reflect  .   (helmet restricted)
rElec   .          Harm     .   b - +0 cloak
rCorr   .          Rampage  .   (no gloves)
Will    .....                   (boots unavailable)
Stlth   ..........              (no amulet)
HPRegen 0.08/turn               (no ring)
MPRegen 0.11/turn               (no ring)

@: drained, unable to read
A: beak, talons 3, shaggy fur 1, inability to read after injury 1
a: no special abilities


You were in a sewer.
You visited 1 branch of the dungeon, and saw 3 of its levels.
You also visited: Sewer.

You collected 61 gold pieces.


Innate Abilities, Weirdness & Mutations

You have a beak for a mouth.
You have claws for feet.
You are covered in fur. (AC +1)
You occasionally lose the ability to read scrolls when taking damage.


   Skills:
 - Level 2.0 Fighting
 - Level 5.0 Axes
 - Level 1.0 Throwing
 + Level 1.6 Armour
 - Level 2.1 Dodging
 - Level 2.0 Spellcasting
 - Level 2.4 Translocations


You had 7 spell levels left.
You didn't know any spells.
Your spell library contained the following spells:

 Spells                   Type           Power      Damage    Failure   Level
 Blink                    Tloc           14%        N/A       99%         2
 Gell's Gravitas          Tloc           7%         N/A       100%        3
 Lesser Beckoning         Tloc           7%         N/A       100%        3
 Teleport Other           Tloc           7%         N/A       100%        3
 Manifold Assault         Tloc           7%         N/A       100%        5

Inventory:

Hand Weapons
 e - a +0 whip
 Y - a +0 hand axe (weapon)
Armour
 b - a +0 cloak (worn)
 g - a +0 chain mail (worn)
Scrolls
 c - a scroll of identify
 h - a scroll of teleportation
Potions
 a - a potion of might
 d - 2 potions of resistance
 f - 2 potions of curing
 j - a potion of lignification {unknown}
 k - a potion of haste {unknown}

Dungeon Overview and Level Annotations

Branches:
Dungeon (3/15)              Sewer (1/1)

Altars:

Annotations:
D:2 1 runed translucent door, Crazy Yiuf


Message History

The hell rat is moderately wounded.
The hell rat bites you but does no damage.
You hit the hell rat but do no damage.
You claw the hell rat, but do no damage.
The hell rat is moderately wounded.
The hell rat barely misses you.
The hell rat bites you but does no damage.
You barely miss the hell rat. Your kick misses the hell rat.
The hell rat is moderately wounded.
The hell rat barely misses you.
You hit the hell rat but do no damage.
You peck the hell rat, but do no damage.
The hell rat is moderately wounded.
The hell rat closely misses you.
You closely miss the hell rat.
The hell rat is moderately wounded.
The hell rat bites you but does no damage.
You barely miss the hell rat. Your peck misses the hell rat.
The hell rat is moderately wounded.
The hell rat bites you.
The hell rat bites you but does no damage.
You hit the hell rat.
The hell rat is heavily wounded.
The hell rat bites you.
You feel drained.
You closely miss the hell rat.
The hell rat is heavily wounded.
The hell rat bites you.
You feel drained.
You hit the hell rat.
The hell rat is heavily wounded.
You closely miss the rat. The hell rat barely misses you.
The rat bites you but does no damage.
You barely miss the hell rat. Your peck misses the hell rat.
The hell rat is heavily wounded.
You hit the rat.
You kill the rat!
The hell rat bites you but does no damage.
The hell rat bites you!
You feel threatened and lose the ability to read scrolls!
Ouch! That really hurt!
You die...

#.~...\~~~~~###
~.~.~#####..~~~#
.~.###!\?###%.~##
~~ #.?!?!!~##%..#
~ .~~~~.~ #..~#
~. ~~~~~ ##~.~#
~..# .~.###~~~##
...~~##r##~..~~#
#~.~.%@~.~..###
###...%.~.###
#########


You could see a hell rat.

Vanquished Creatures
  An adder (D:3)
  A river rat (Sewer)
  A worm (D:3)
  4 ball pythons
  3 endoplasms
  4 giant cockroaches
  4 goblins
  4 hobgoblins
  13 jackals
  8 kobolds
  3 quokkas
  6 bats
  3 frilled lizards
  13 rats
68 creatures vanquished.

Notes
Turn   | Place    | Note
-------+----------+-------------------------------------------
     0 | D:1      | qw the Tengu Warper began the quest for the Orb.
     0 | D:1      | Reached XP level 1. HP: 12/12 MP: 4/4
     0 | D:1      | 0 ||| qw: Version: 0.1-a-89-g26bdef1
     0 | D:1      | 0 ||| qw: Game counter: 1518
     0 | D:1      | 0 ||| qw: Always use a shield: true
     0 | D:1      | 0 ||| qw: God list: Okawaru
     0 | D:1      | 0 ||| qw: Allow faded altars: false
     0 | D:1      | 0 ||| qw: Do Orc after D:15 true
     0 | D:1      | 0 ||| qw: Do second Lair branch before Depths: true
     0 | D:1      | 0 ||| qw: Lair rune preference: random
     0 | D:1      | 0 ||| qw: Plans: Normal
     0 | D:1      | 0 ||| PLANNING D:1-11
    49 | D:1      | 49 ||| Stepping ~*~*~tactically~*~*~ (stealth).
    73 | D:1      | 73 ||| Stepping ~*~*~tactically~*~*~ (stealth).
    79 | D:1      | 79 ||| Stepping ~*~*~tactically~*~*~ (stealth).
    88 | D:1      | HP: 3/12 [quokka (4)]
    90 | D:1      | Reached skill level 3 in Axes
    90 | D:1      | Reached XP level 2. HP: 5/17 MP: 6/6
   398 | D:1      | 398 ||| Stepping ~*~*~tactically~*~*~ (stealth).
   448 | D:1      | Found a faded altar of an unknown god.
   639 | D:1      | Reached XP level 3. HP: 19/21 MP: 7/7
   804 | D:1      | 804 ||| UPGRADING to +0 ring mail.
   814 | D:1      | 814 ||| DROPPING +0 leather armour.
   815 | D:1      | 815 ||| UPGRADING to +0 chain mail.
   825 | D:1      | 825 ||| DROPPING +0 ring mail.
   826 | D:1      | 826 ||| READING scroll labelled EDEEMI WUUFONE.
   827 | D:1      | 827 ||| DRINKING 3 metallic blue potions.
   828 | D:1      | 828 ||| DRINKING 3 emerald potions.
   829 | D:1      | 829 ||| DRINKING 2 murky ruby potions.
   829 | D:1      | Gained mutation: Armour fits poorly on your strangely
                  | shaped body. [potion of mutation]
   830 | D:1      | 830 ||| DRINKING potion of mutation.
   830 | D:1      | Lost mutation: Armour fits poorly on your strangely shaped
                  | body. [potion of mutation]
   830 | D:1      | Gained mutation: You occasionally lose the ability to read
                  | scrolls when taking damage. [potion of mutation]
   830 | D:1      | Gained mutation: You are covered in fur. (AC +1) [potion of
                  | mutation]
   831 | D:1      | 831 ||| DROPPING scroll of blinking.
   977 | D:2      | Found a runed translucent door.
   978 | D:2      | Noticed Crazy Yiuf
  1032 | D:2      | 1032 ||| Stepping ~*~*~tactically~*~*~ (stealth).
  1097 | D:2      | 1097 ||| Stepping ~*~*~tactically~*~*~ (stealth).
  1104 | D:2      | Reached skill level 4 in Axes
  1430 | D:2      | 1430 ||| DROPPING +0 club.
  1688 | D:2      | 1688 ||| Stepping ~*~*~tactically~*~*~ (stealth).
  1715 | D:2      | 1715 ||| Stepping ~*~*~tactically~*~*~ (stealth).
  1836 | D:2      | Reached XP level 4. HP: 26/26 MP: 8/8
  2004 | D:2      | 2004 ||| READING scroll labelled OGOQIU DIJILA.
  2005 | D:2      | 2005 ||| READING scroll labelled ICEOQI GICATT.
  2061 | D:2      | 2061 ||| READING scroll labelled WAHARCH FEOXUIFU.
  2062 | D:2      | 2062 ||| READING 2 scrolls labelled WAYR IXUIXO.
  2063 | D:2      | 2063 ||| DROPPING scroll of magic mapping.
  2092 | D:3      | 2092 ||| PLANNING SEWER
  2406 | D:3      | Found a glowing drain.
  2407 | D:3      | 2407 ||| UPGRADING to +0 cloak.
  2412 | D:3      | 2412 ||| READING 3 scrolls labelled QICHEC PESK.
  2413 | D:3      | 2413 ||| READING 2 scrolls of identify.
  2413 | D:3      | 2413 ||| IDENTIFYING golden potion
  2437 | D:3      | Reached skill level 5 in Axes
  2609 | Sewer    | Entered a sewer
  2746 | Sewer    | Slain by a hell rat

Levels and vault maps discovered:
D:1:      lightli_arrival_flooded_house, layout_rooms,
          chequers_ecumenical_altar_simple
D:2:      cheibrodos_helix_gallery, layout_loops_corners,
          uniq_crazy_yiuf_cottage
D:3:      layout_basic, mainiacjoe_overflow_paths,
          nicolae_overflow_hidden_temple, serial_shops, nicolae_lakefront_shop,
          cheibrodos_sewer_entry_sluice, serial_park_tiny_1
Sewer:    sewer_hellmonk_bad_rat

Skill      XL: |  1  2  3  4 |
---------------+-------------+-----
Axes           | 3 4 5 |  5.0
Fighting       | |  2.0
Throwing       | |  1.0
Armour         | |  1.6
Dodging        | |  2.1
Spellcasting   | |  2.0
Translocations | |  2.4

Action                   |  1- 3 |  4- 6 || total
-------------------------+-------+-------++-------
Melee: Hand axe          |    98 |    66 ||   164
       Kick              |    18 |    14 ||    32
       Peck              |     7 |     8 ||    15
       Punch             |     1 |     1 ||     2
Throw: Boomerang         |     7 |       ||     7
  Use: Potion            |     4 |       ||     4
       Scroll            |     1 |     6 ||     7
Armor: Leather armour    |    15 |       ||    15
       Chain mail        |    30 |    31 ||    61
Dodge: Dodged            |    39 |    18 ||    57

Table legend:
 A = Non-vault XP
 B = Vault XP
 C = Vault XP percentage of total XP
 D = Non-vault monster count
 E = Vault monster count
 F = Vault count percentage of total count
                 A         B        C        D         E       F
            +---------+---------+-------+---------+---------+-------
      Total |     105 |      32 |  23.4 |      55 |      13 |  19.1
            +---------+---------+-------+---------+---------+-------
        D:1 |      36 |       0 |   0.0 |      21 |       0 |   0.0
        D:2 |      43 |       4 |   8.5 |      25 |       2 |   7.4
        D:3 |      26 |       8 |  23.5 |       9 |       3 |  25.0
      Sewer |       0 |      20 | 100.0 |       0 |       8 | 100.0
            +---------+---------+-------+---------+---------+-------
